 Dungeon Crawl Stone Soup version 0.29.1-14-g9c671dbff4 (webtiles) character file.

Game seed: 13450786778423904315

14 croobank the Firebug (level 2, 0/13 (17) HPs)
             Began as an Octopode Fire Elementalist on Feb 16, 2023.
             Slain by a necrophage (2 damage)
             ... on level 3 of the Dungeon.
             The game lasted 00:01:08 (385 turns).

croobank the Firebug (Octopode Fire Elementalist)    Turns: 385, Time: 00:01:08

HP:   0/13 (17)     AC:  1    Str:  7    XL:     2   Next: 45%
MP:   0/5           EV: 13    Int: 17    God:
Gold: 25            SH:  0    Dex: 12    Spells: 4/5 levels left

rFire   . . .      SeeInvis .   b - +0 dagger
rCold   . . .      Faith    .   (no shield)
rNeg    . . .      Spirit   .   (helmet restricted)
rPois   .          Reflect  .   (no amulet)
rElec   .          Harm     .   (no ring)
rCorr   .          Rampage  .   (no ring)
Will    .....                   (no ring)
Stlth   +++.......              (no ring)
HPRegen 0.04/turn               (no ring)
MPRegen 0.09/turn               (no ring)
                                (no ring)
                                (no ring)

@: heavily drained
A: almost no armour, amphibious, 8 rings, camouflage 1, gelatinous body 1,
(nimble swimmer 1), tentacles
a: no special abilities


You were on level 3 of the Dungeon.
You visited 1 branch of the dungeon, and saw 3 of its levels.

You collected 25 gold pieces.

Inventory:

Hand Weapons
 b - a +0 dagger (weapon)
Scrolls
 c - a scroll of identify {unknown}
Potions
 a - a potion of magic
 d - a potion of curing {unknown}


   Skills:
 + Level 2.2 Dodging
 + Level 3.1 Stealth
 + Level 2.1 Spellcasting
 + Level 1.3 Conjurations
 + Level 3.1 Fire Magic


You had 4 spell levels left.
You knew the following spells:

 Your Spells              Type           Power      Damage    Failure   Level
a - Foxfire               Conj/Fire      36%        2x1d5     8%          1

Your spell library contained the following spells:

 Spells                   Type           Power      Damage    Failure   Level
 Scorch                   Fire           24%        2d6       8%          2
 Conjure Flame            Conj/Fire      9%         6-21      22%         3
 Inner Flame              Hex/Fire       7%         N/A       30%         3
 Flame Wave               Conj/Fire      9%         2d6       58%         4


Dungeon Overview and Level Annotations

Branches:
Dungeon (3/15)

Altars:


Innate Abilities, Weirdness & Mutations

You cannot wear most types of armour.
You are amphibious.
You can wear up to eight rings at the same time.
Your skin changes colour to match your surroundings (Stealth+).
Your rubbery body absorbs attacks. (AC +1, EV +1)
((You are camouflaged when in or above water. (Stealth+)))
You have tentacles for arms and can constrict up to eight enemies at once.


Message History

The necrophage is lightly damaged.
The foxfire hits the necrophage.
The necrophage is lightly damaged.
Your foxfire dissipates!
Casting: Foxfire (safe; 8% risk of failure)
Confirm with . or Enter, or press ? or * to list all spells.
You conjure some foxfire!
The foxfire hits the necrophage.
The necrophage is moderately damaged.
Casting: Foxfire (safe; 8% risk of failure)
Confirm with . or Enter, or press ? or * to list all spells.
You conjure some foxfire!
The foxfire hits the necrophage.
The necrophage is moderately damaged.
You closely miss the necrophage. Your grab misses the necrophage.
You tentacle-slap the necrophage.
The necrophage is heavily damaged.
The foxfire hits the necrophage.
The necrophage is heavily damaged.
The foxfire hits the necrophage.
The necrophage is severely damaged.
The necrophage closely misses you.
Casting: Foxfire (safe; 8% risk of failure)
Confirm with . or Enter, or press ? or * to list all spells.
You conjure some foxfire!
The necrophage hits you.
You feel drained.
You hit the necrophage. You grab the necrophage.
The necrophage is severely damaged.
You constrict the necrophage.
The foxfire hits the necrophage but does no damage.
The necrophage is severely damaged.
The foxfire hits the necrophage.
The necrophage is almost destroyed.
The necrophage hits you.
You feel drained.
Casting: Foxfire (safe; 8% risk of failure)
Confirm with . or Enter, or press ? or * to list all spells.
You don't have enough magic to cast this spell.
You hit the necrophage but do no damage.
The necrophage is almost destroyed.
You constrict the necrophage. The necrophage hits you.
* * * LOW HITPOINT WARNING * * *
You feel drained.
You die...

###############
#.............#
#.###########.# #.#
#.# .#######.#####
#.# ........>§§..#
#.# #.######..@§#.#
#.# ......##.n###.###
#.#
#.....÷.[...#####.#
#.....#.........#.#
#.................#
###..##.#.#######.###
#....##.#.# #....##
#.##....†.# #...<.#
... ####.### #######


You could see a necrophage.

Vanquished Creatures
  An adder (D:3)
  A dart slug (D:2)
  A goblin (D:1)
  2 frilled lizards (D:3)
5 creatures vanquished.

Vanquished Creatures (others)
  28 foxfires
28 creatures vanquished.

Grand Total: 33 creatures vanquished

Notes
Turn   | Place    | Note
-------+----------+-------------------------------------------
     0 | D:1      | croobank the Octopode Fire Elementalist began the quest for
                  | the Orb.
     0 | D:1      | Reached XP level 1. HP: 11/11 MP: 3/3
   123 | D:3      | Reached XP level 2. HP: 17/17 MP: 0/5
   374 | D:3      | Noticed a necrophage
   385 | D:3      | Slain by a necrophage

Illustrated notes

Levels and vault maps discovered:
D:1:      amcnicky_arrival_feature_with_door, layout_basic, minmay_heptomino_l4
D:2:      layout_basic, hellmonk_ecumenical_altar_lost_god,
          chequers_serial_rivers_large_b
D:3:      layout_basic, chequers_temple_overflow_minitemple

Skill      XL: |  1 |
---------------+----+-----
Stealth        | 3 |  3.1
Dodging        | |  2.2
Spellcasting   | |  2.1
Conjurations   | |  1.3
Fire Magic     | |  3.1

Action                   || total
-------------------------++-------
Melee: Dagger            ||     5
       Constrict         ||     2
       Tentacles         ||     1
       Punch             ||     1
 Cast: Foxfire           ||    17
Dodge: Dodged            ||     4
